 Dungeon Crawl Stone Soup version 0.30-a0-622-gddc90eaa04 (webtiles) character file.

Game seed: 10395863716888981515

13323 greasedhog the Unseen (level 12, -6/69 HPs)
             Began as a Kobold Fighter on Jan 11, 2023.
             Was a Priest of Dithmenos.
             Mangled by a two-headed ogre
             ... wielding a +0 giant club
              (15 damage)
             ... on level 11 of the Dungeon.
             The game lasted 00:25:40 (14005 turns).

greasedhog the Unseen (Kobold Fighter)             Turns: 14005, Time: 00:25:40

Health: -6/69      AC: 15    Str: 13    XL:     12   Next: 31%
Magic:  15/15      EV: 20    Int: 13    God:    Dithmenos [***...]
Gold:   812        SH:  6    Dex: 18    Spells: 14/16 levels left

rFire   + . .      SeeInvis .    a - +0 rapier (heavy)
rCold   . . .      Faith    .    c - +1 buckler
rNeg    . . .      Spirit   .    F - +0 acid dragon scales
rPois   .          Reflect  .    (no helmet)
rElec   .          Harm     .    C - +2 cloak {Stlth+}
rCorr   +          Rampage  .    f - +0 pair of gloves
Will    .....                    k - +0 pair of boots Stlth *+++++++++
                                 x - amulet of the acrobat
HPRegen 0.31/turn                m - +4 ring of protection
MPRegen 0.14/turn                (no ring)

@: wreathed by umbra
A: small, no large weapons, nightstalker 3, clever 1, fire resistance 1, noise
suppression
a: Renounce Religion, Shadow Step


You were on level 11 of the Dungeon.
You worshipped Dithmenos.
Dithmenos was most pleased with you.
You visited 2 branches of the dungeon, and saw 12 of its levels.

You collected 892 gold pieces.
You spent 80 gold pieces at shops.

Inventory:

Hand Weapons
 a - a +0 heavy rapier (weapon)
 G - a +2 short sword of freezing
Missiles
 u - 12 boomerangs (quivered)
Armour
 c - a +1 buckler (worn)
 f - a +0 pair of gloves (worn)
 k - a +0 pair of boots (worn)
 C - a +2 cloak of stealth (worn)
 F - +0 acid dragon scales (worn)
Jewellery
 m - a +4 ring of protection (left hand)
 x - an amulet of the acrobat (around neck)
 A - an amulet of regeneration
 I - a ring of fire
Wands
 d - a wand of flame (4)
 n - a wand of iceblast (3)
 y - a wand of light (10)
 E - a wand of paralysis (11)
Scrolls
 b - 2 scrolls of fear
 g - 2 scrolls of fog
 i - a scroll of torment
 l - 2 scrolls of enchant armour
 o - 2 scrolls of magic mapping
 q - a scroll of identify
 r - 2 scrolls of teleportation
 t - a scroll of silence
 z - 3 scrolls of immolation
 D - 2 scrolls of enchant weapon
 J - a scroll of blinking
Potions
 h - a potion of ambrosia
 j - 3 potions of heal wounds
 p - 3 potions of mutation
 s - 3 potions of flight
 v - 3 potions of curing
 w - a potion of cancellation
 B - a potion of resistance
 H - a potion of might


   Skills:
 - Level 5.8 Fighting
 * Level 10.9 Short Blades
 - Level 2.4 Armour
 * Level 11.9 Dodging
 * Level 16.4 Stealth
 - Level 2.4 Shields
 - Level 2.5 Spellcasting
 - Level 3.2 Hexes
 * Level 4.3 Invocations


You had 14 spell levels left.
You knew the following spells:

 Your Spells              Type           Power      Damage    Failure   Level
a - Ensorcelled Hibernat  Hex/Ice        10%        N/A       38%         2

Your spell library contained the following spells:

 Spells                   Type           Power      Damage    Failure   Level
 Slow                     Hex            40%        N/A       14%         1
 Confusing Touch          Hex            10%        N/A       38%         3
 Summon Small Mammal      Summ           4%         N/A       47%         1
 Cigotuvi's Dreadful Rot  Necr/Pois/Air  2%         N/A       63%         2
 Poisonous Vapours        Pois/Air       2%         N/A       63%         2
 Summon Guardian Golem    Hex/Summ       5%         N/A       63%         3
 Call Canine Familiar     Summ           1%         N/A       85%         3
 Gell's Gravitas          Tloc           1%         N/A       85%         3
 Ignite Poison            Fire/Tmut/Pois 1%         N/A       85%         3
 Kindle Blastsparks       Fire/Tloc/Air  2%         2d10      85%         3
 Lesser Beckoning         Tloc           2%         N/A       85%         3
 Mephitic Cloud           Conj/Pois/Air  1%         N/A       85%         3
 Spider Form              Tmut/Pois      1%         N/A       85%         3
 Teleport Other           Tloc           1%         N/A       85%         3
 Vampiric Draining        Necr           1%         2d6       85%         3
 Anguish                  Hex/Necr       2%         N/A       95%         4
 Freezing Cloud           Conj/Ice/Air   0%         6-21      100%        5


Dungeon Overview and Level Annotations

Branches:
Dungeon (11/15)            Temple (1/1) D:6
   Lair: D:8-11         Orc: D:9-12

Altars:
Ashenzari
Cheibriados
Dithmenos
Fedhas
Gozag
Kikubaaqudgha
Nemelex Xobeh
Qazlal
Uskayaw
Vehumet
Wu Jian
Xom
Yredelemnul

Shops:
D:2 *   D:8 :   D:10 ?


Innate Abilities, Weirdness & Mutations

You are small and have problems with some larger weapons.
You are completely attuned to the shadows.
Your mind is acute. (Int +4, Str/Dex -1)
Your flesh is heat resistant. (rF+)
You passively dampen the noise of your surroundings.


Message History

You hit the centaur warrior.
The centaur warrior is severely wounded.
The centaur warrior hits you but does no damage.
You block the centaur warrior's attack. Something hits you but does no damage.
You puncture the centaur warrior!
The centaur warrior is almost dead.
The centaur warrior hits you but does no damage.
The centaur warrior closely misses you. The centaur warrior hits you.
The centaur warrior kicks you but does no damage.
You barely miss the centaur warrior.
The centaur warrior is almost dead.
The centaur warrior misses you.
The centaur warrior kicks you but does no damage.
Something closely misses you.
You hit the centaur warrior but do no damage.
The centaur warrior is almost dead.
The centaur warrior hits you.
The centaur warrior completely misses you.
The centaur warrior hits you! The centaur warrior misses you.
Something closely misses you.
You barely miss the centaur warrior.
The centaur warrior is almost dead.
The centaur warrior closely misses you.
The centaur warrior kicks you but does no damage.
You puncture the centaur warrior!
You kill the centaur warrior!
Dithmenos accepts your kill. Something barely misses you.
A shadow comes into view.
You block the two-headed ogre's attack.
The two-headed ogre completely misses you.
You hear some strange, mumbled words.
A bolt of magma appears from out of thin air!
The bolt of magma misses you.
The kobold brigand throws a curare-tipped dart.
There is a stone staircase leading up here.
The two-headed ogre hits you with a +0 giant club!!
* * * LOW HITPOINT WARNING * * *
The two-headed ogre hits you with a +0 giant club!
You die...

#.. #.....# #....# #.###.#...#
#....#####.
#...##[..##########..........
###K###.......................
#..#..##........######.#####..
#.##.##.##..KW...# #.# . #c#
.##..{...# #.# #.O#..#
.#......# #.#


#OK ..# #....O@# ..## ##..#.......# ## ##.#......# #......# ....... You could
see a two-headed ogre, a kobold brigand and a shadow (wandering).

Vanquished Creatures
  A death knight (D:11)
  A centaur warrior (D:11)
  2 two-headed ogres
  A tengu warrior (D:11)
  A deep elf pyromancer (D:11)
  A cyclops (D:6)
  Maurice (D:8)
  A gargoyle (D:9)
  Psyche (D:8)
  An unseen horror (D:11)
  3 trolls
  A hornet (D:8)
  Grinder (D:4)
  Sigmund (D:4)
  4 wyverns
  9 yaks
  A wraith (D:11)
  2 vampire mosquitoes (D:11)
  A basilisk (D:11)
  Menkaure (D:6)
  An acid dragon (D:10)
  Duvessa (D:4)
  4 water moccasins
  5 orc warriors
  A meliai simulacrum (D:11)
  4 ice beasts
  2 black bears (D:6)
  3 ogres
  3 centaurs
  Blork the orc (D:6)
  5 bullfrogs
  A gnoll sergeant (D:7)
  2 scorpions
  11 wights
  Dowan (D:4)
  10 killer bees
  4 howler monkeys
  5 orc priests
  A hound (D:5)
  2 jellies
  A gnoll bouda (D:4)
  4 iguanas
  9 orc wizards
  5 gnolls
  6 adders
  5 shadow imps
  A white imp (D:8)
  3 ufetubi
  4 dart slugs
  46 orcs
  4 ball pythons
  A bat zombie (D:3)
  13 endoplasms
  A giant cockroach (D:1)
  15 goblins
  10 hobgoblins
  4 quokkas
  3 bats
  2 frilled lizards (D:3)
  4 kobolds
  A quokka zombie (D:8)
  5 rats
  A rat zombie (D:8)
250 creatures vanquished.

Vanquished Creatures (others)
  A water moccasin (D:7)
  A centaur (D:7)
  A bullfrog (D:7)
  A hound (D:7)
  An iguana (D:7)
  An ufetubus (D:7)
  An orc (D:7)
  14 plants (D:11)
21 creatures vanquished.

Grand Total: 271 creatures vanquished

Notes
Turn   | Place    | Note
-------+----------+-------------------------------------------
     0 | D:1      | greasedhog the Kobold Fighter began the quest for the Orb.
     0 | D:1      | Reached XP level 1. HP: 14/14 MP: 1/1
    70 | D:1      | Reached skill level 1 in Stealth
   468 | D:1      | Reached XP level 2. HP: 19/19 MP: 2/2
   611 | D:1      | Reached skill level 2 in Stealth
   759 | D:1      | Found a faded altar of an unknown god.
   801 | D:2      | Reached XP level 3. HP: 13/23 MP: 3/3
  1153 | D:2      | Reached skill level 3 in Stealth
  1210 | D:2      | Reached XP level 4. HP: 10/28 MP: 4/4
  1846 | D:2      | Found Neint's Assorted Antiques.
  1976 | D:2      | Found a blossoming altar of Fedhas.
  2220 | D:3      | Noticed a water moccasin
  2229 | D:3      | Killed a water moccasin
  2230 | D:3      | Reached skill level 5 in Short Blades
  2230 | D:3      | Reached skill level 5 in Stealth
  2230 | D:3      | Reached XP level 5. HP: 3/32 MP: 5/5
  2230 | D:3      | Gained mutation: You passively dampen the noise of your
                  | surroundings. [potion of mutation]
  2230 | D:3      | Gained mutation: Your flesh is heat resistant. (rF+)
                  | [potion of mutation]
  2230 | D:3      | Gained mutation: Your mind is acute. (Int +4, Str/Dex -1)
                  | [potion of mutation]
  2662 | D:3      | Found an ancient bone altar of Kikubaaqudgha.
  2725 | D:3      | Reached XP level 6. HP: 34/37 MP: 6/6
  2945 | D:4      | Noticed Sigmund
  3114 | D:3      | Reached skill level 6 in Stealth
  3345 | D:4      | Killed Sigmund
  3346 | D:4      | Reached skill level 7 in Stealth
  3346 | D:4      | Reached XP level 7. HP: 39/43 MP: 7/7
  3597 | D:4      | Noticed Grinder
  3605 | D:4      | Paralysed by Grinder for 4 turns
  3618 | D:4      | Killed Grinder
  3619 | D:4      | Reached skill level 5 in Fighting
  3619 | D:4      | Reached skill level 8 in Stealth
  3789 | D:4      | Found a stormy altar of Qazlal.
  3847 | D:4      | Reached XP level 8. HP: 8/49 MP: 8/8
  4033 | D:4      | Noticed Duvessa
  4033 | D:4      | Noticed Dowan
  4065 | D:4      | Killed Duvessa
  4078 | D:4      | Killed Dowan
  4596 | D:5      | Entered Level 5 of the Dungeon
  4624 | D:4      | Reached skill level 9 in Stealth
  4879 | D:5      | Reached skill level 1 in Dodging
  5910 | D:6      | Reached skill level 10 in Stealth
  5944 | D:6      | Found a radiant altar of Vehumet.
  5952 | D:6      | Found a hide-covered altar of Uskayaw.
  6029 | D:6      | Found an opulent altar of Gozag.
  6029 | D:6      | Found an ornate altar of the Wu Jian Council.
  6032 | D:6      | Found a staircase to the Ecumenical Temple.
  6049 | Temple   | Entered the Ecumenical Temple
  6092 | Temple   | Became a worshipper of Dithmenos the Shadowed
  6282 | D:6      | Noticed Blork the orc
  6287 | D:6      | Killed Blork the orc
  6288 | D:6      | Reached XP level 9. HP: 55/55 MP: 9/9
  6305 | D:6      | Learned a level 2 spell: Ensorcelled Hibernation
  6317 | D:6      | Noticed Menkaure
  6322 | D:6      | Killed Menkaure
  6334 | D:6      | Reached skill level 1 in Hexes
  6370 | D:6      | Noticed a cyclops
  6380 | D:6      | Killed a cyclops
  6381 | D:6      | Reached skill level 5 in Dodging
  6381 | D:6      | Reached skill level 11 in Stealth
  6620 | D:6      | Reached skill level 12 in Stealth
  6815 | D:6      | Noticed a troll
  6819 | D:6      | Killed a troll
  6820 | D:6      | Reached XP level 10. HP: 60/60 MP: 10/10
  7108 | D:6      | Reached skill level 1 in Spellcasting
  7302 | D:7      | Reached skill level 13 in Stealth
  7332 | D:6      | Reached * piety under Dithmenos
  8302 | D:7      | Found a shimmering altar of Xom.
  9546 | D:8      | Found Viorphafi's Book Shop.
  9977 | D:8      | Paralysed by a hornet for 1 turns
  9985 | D:8      | Reached skill level 14 in Stealth
 10220 | D:8      | Noticed Maurice
 10223 | D:8      | Killed Maurice
 10415 | D:8      | Reached ** piety under Dithmenos
 10490 | D:8      | Noticed Psyche
 10595 | D:8      | Killed Psyche
 10596 | D:8      | Reached XP level 11. HP: 51/64 MP: 14/14
 10950 | D:9      | Reached skill level 10 in Dodging
 11211 | D:9      | Reached skill level 15 in Stealth
 11361 | D:9      | Noticed a two-headed ogre
 11371 | D:9      | Killed a two-headed ogre
 11509 | D:9      | Reached *** piety under Dithmenos
 11627 | D:9      | Found a snail-covered altar of Cheibriados.
 12176 | D:10     | Entered Level 10 of the Dungeon
 12322 | D:10     | Noticed a two-headed ogre
 12326 | D:10     | Killed a two-headed ogre
 12327 | D:10     | Reached skill level 1 in Invocations
 12756 | D:10     | Reached skill level 10 in Short Blades
 13013 | D:10     | Found Oseponowk's Magic Scroll Shop.
 13018 | D:10     | Bought a scroll of identify for 20 gold pieces
 13018 | D:10     | Bought a scroll of identify for 20 gold pieces
 13018 | D:10     | Bought a scroll of identify for 20 gold pieces
 13018 | D:10     | Bought a scroll of identify for 20 gold pieces
 13019 | D:10     | Identified a scroll of acquirement
 13023 | D:10     | Acquired a +1 cloak of stealth
 13158 | D:10     | Found a broken altar of Ashenzari.
 13193 | D:10     | Found a basalt altar of Yredelemnul.
 13616 | D:11     | Noticed a death knight
 13616 | D:11     | Noticed a tengu warrior
 13620 | D:11     | Killed a death knight
 13621 | D:11     | Reached XP level 12. HP: 69/69 MP: 15/15
 13621 | D:11     | Killed a tengu warrior
 13622 | D:11     | Reached skill level 16 in Stealth
 13684 | D:11     | Identified the +9 morningstar "Wamih" {heavy, rElec}
 13705 | D:11     | Noticed an ogre mage
 13973 | D:11     | Noticed a two-headed ogre
 13974 | D:11     | Noticed a centaur warrior
 13993 | D:11     | Killed a centaur warrior
 14005 | D:11     | Mangled by a two-headed ogre

Illustrated notes

Levels and vault maps discovered:
D:1:      enne_arrival_octagon_isle, layout_basic,
          shapermc_ecumenical_altar_flowoftime, minmay_small_reverse_x
D:2:      cheibrodos_greedy_goblins, layout_basic, basic_altar, serial_shops,
          nicolae_shop_window_shopping
D:3:      layout_loops_ring, lemuel_zombie_altar_kikubaaqudgha
D:4:      layout_basic, nicolae_overflow_crystal_walls, uniq_sigmund,
          uniq_grinder, uniq_duvessa
D:5:      layout_loops_ring
D:6:      minmay_opposing_rooms, layout_cave_pools,
          nicolae_overflow_two_pavilions, amethyst_overflow_temple_binary,
          minmay_temple_entry_offerings, uniq_blork_the_orc, uniq_menkaure
D:7:      layout_layer_cave, xom_confusion_cloud
D:8:      layout_gridville, serial_shops, shop, enter_ossuary_4, serial_demonic,
          serial_demonic_c, serial_demonic_b, serial_demonic_c,
          serial_demonic_d, enter_bailey_3, uniq_maurice, uniq_psyche
D:9:      layout_roguey [special_room_orc],
          mainiacjoe_overflow_concentric_impassable
D:10:     layout_cave_pools, mainiacjoe_overflow_two_lobes, serial_shops,
          nicolae_stop_n_shop_1, serial_co_window_serial, co_window_cross_1,
          co_window_paths_a, co_window_paths_b, co_window_of_opportunity_a,
          co_window_corner_a, co_window_broadway_c, co_window_broadway_b,
          co_window_corner_ca, co_window_2corner, co_window_cross_3,
          co_window_cross_2
D:11:     minmay_the_grid_octo_tiled_octocenter
          [minmay_the_grid_octo_fat_diamond, minmay_the_grid_octo_focus,
          minmay_the_grid_octo_checkerflower, minmay_the_grid_octo_teeth,
          minmay_the_grid_octo_prize_star, minmay_the_grid_square_5x5_minimal,
          minmay_the_grid_square_5x5_pentomino_r, minmay_the_grid_square_5x5_c,
          minmay_the_grid_square_5x5_n_small], layout_irregular_city,
          david_lair_shrubbed, orc_0_dummy, uniq_amaemon
Temple:   nicolae_temple_slightly_damp_pantheon

Skill      XL: |  1  2  3  4  5  6  7  8  9 10 11 12 |
---------------+-------------------------------------+-----
Stealth        | 1 2 3 5 7 8 10 12 14 15 16 | 16.4
Short Blades   | 3 4 5 6 7 10 | 10.9
Fighting       | 4 5 |  5.8
Dodging        | 4 7 9 11 | 11.9
Hexes          | 3 |  3.2
Spellcasting   | 2 |  2.5
Invocations    | 3 4 |  4.3
Armour         | |  2.4
Shields        | |  2.4

Action                   |  1- 3 |  4- 6 |  7- 9 | 10-12 || total
-------------------------+-------+-------+-------+-------++-------
Melee: Rapier            |    77 |   146 |   195 |   459 ||   877
       Falchion          |       |       |     6 |    93 ||    99
       Short sword       |       |       |       |     2 ||     2
Throw: Dart              |     1 |     1 |    19 |    22 ||    43
       Boomerang         |       |       |     4 |     6 ||    10
Evoke: Wand              |       |       |    16 |     6 ||    22
  Use: Scroll            |     5 |     4 |     2 |    14 ||    25
       Potion            |       |     4 |     2 |       ||     6
 Stab: Sleeping          |    15 |    16 |    21 |    34 ||    86
       Invisible         |       |     1 |     3 |       ||     4
       Distracted        |       |       |     1 |     3 ||     4
       Confused          |       |       |       |     2 ||     2
Armor: Robe              |     3 |    27 |     4 |       ||    34
       Leather armour    |       |       |    45 |    91 ||   136
       Acid dragon scale |       |       |       |    44 ||    44
Dodge: Dodged            |    23 |    37 |   121 |   564 ||   745
Block: Buckler           |     9 |    24 |    53 |   177 ||   263

Table legend: (Time is in decaauts)
 A = Elapsed time spent in this place.
 B = Non-inter-level travel time spent in this place.
 C = Inter-level travel time spent in this place.
 D = Time resting spent in this place.
 E = Time spent auto-exploring this place.
 F = Levels seen in this place.
 G = Mean time per level.
                   A        B        C        D        E       F      G
               +--------+--------+--------+--------+--------+-----+--------+
         Total |  14080 |  13559 |    521 |   2677 |   7877 |  12 | 1173.3 |
       Dungeon |  14016 |  13516 |    500 |   2677 |   7842 |  11 | 1274.2 |
        Temple |     64 |     43 |     21 |      0 |     35 |   1 |   64.0 |
               +--------+--------+--------+--------+--------+-----+--------+

Top non-repeatable levels by time:
     D:7: 2183 daAuts
     D:4: 1743 daAuts
     D:9: 1652 daAuts
     D:6: 1392 daAuts
     D:8: 1319 daAuts
     D:2: 1286 daAuts
     D:3: 1132 daAuts
    D:10: 961 daAuts
     D:5: 911 daAuts
     D:1: 786 daAuts
    D:11: 646 daAuts
  Temple: 64 daAuts
